 Dungeon Crawl Stone Soup version 0.19-a0-1167-g79b6552 (webtiles) character file.

105 Jmtri7 the Ducker (level 4, 0/33 HPs)
             Began as a Demonspawn Gladiator on Aug 15, 2016.
             Slain by Jmtri7's ghost (7 damage)
             ... on level 3 of the Dungeon.
             The game lasted 00:04:44 (2214 turns).

Jmtri7 the Ducker (Demonspawn Gladiator)            Turns: 2214, Time: 00:04:46

Health: 0/33       AC:  4    Str: 15    XL:     4   Next: 53%
Magic:  4/4        EV: 14    Int: 10    God:
Gold:   126        SH:  0    Dex: 14    Spells: 0 memorised, 3 levels left

rFire  . . .     SeeInvis .     a - +0 long sword
rCold  . . .     Gourm    .     m - +0 robe
rNeg   . . .     Faith    .     (no shield)
rPois  .         Spirit   .     c - +0 helmet
rElec  .         Dismiss  .     (no cloak)
rCorr  .         Reflect  .     i - +0 pair of gloves
MR     .....     Harm     .     (no boots)
Stlth  +......... Rnd*Tele +    (no amulet)
                                (no ring)
                                e - ring of teleportation (curse)

@: no status effects
A: claws 1, powered by pain 1
a: no special abilities


You were on level 3 of the Dungeon.
You were hungry.

You visited 1 branch of the dungeon, and saw 3 of its levels.

You collected 126 gold pieces.

Inventory:

Hand Weapons
 a - a +0 long sword (weapon)
Missiles
 d - 3 throwing nets (quivered)
Armour
 c - a +0 helmet (worn)
 i - a +0 pair of gloves (worn)
 m - a +0 robe (worn)
Jewellery
 e - a cursed ring of teleportation (left hand)
Scrolls
 j - a scroll of teleportation
 o - a scroll of recharging {unknown}
 p - a scroll of amnesia {unknown}
Potions
 h - a potion of degeneration {unknown}
 k - 2 potions of curing
 l - 2 potions of heal wounds {unknown}
 n - a potion of agility {unknown}
Comestibles
 b - 8 chunks of flesh
 f - 2 bread rations
 g - 3 fruits
 q - a slice of pizza
 r - a meat ration


   Skills:
 - Level 2.0 Fighting
 - Level 2.6 Long Blades
 - Level 1.7 Throwing
 + Level 4.8 Dodging


You had 3 spell levels left.
You didn't know any spells.

Dungeon Overview and Level Annotations

Branches:
Dungeon (3/15)

Altars:
The Shining One

Annotations:
D:3 Jmtri7's ghost, amateur DsGl


Innate Abilities, Weirdness & Mutations

You have sharp fingernails.
You sometimes gain a little power by taking damage.


Message History

You are feeling hungry.
The jackal closely misses you. Jmtri7's ghost completely misses you.
The jackal bites you. The jackal barely misses you.
You miss Jmtri7's ghost.
Jmtri7's ghost is moderately damaged.
The jackal misses you.
You riposte.
You barely miss the jackal.
The jackal is severely wounded.
The jackal barely misses you.
You riposte.
You closely miss the jackal. Jmtri7's ghost hits you.
* * * LOW HITPOINT WARNING * * *
The jackal bites you but does no damage.
Jmtri7's ghost misses you. The jackal bites you.
* * * LOW HITPOINT WARNING * * *
You slash Jmtri7's ghost!
Jmtri7's ghost is heavily damaged.
The jackal bites you but does no damage.
The jackal closely misses you.
You riposte.
You hit the jackal.
The jackal is almost dead.
Jmtri7's ghost hits you!
You die...

###. ..# #.#.≈≈≈≈
####... ###.#.≈♣ ♣
...#.#.####...#.≈♣ ♣ #
..............≈≈♣♣♣
.#.........###..≈≈≈≈
........### ##.≈.≈.
###(####..### #.≈≈≈≈
##(hWh.##....###≈≈♣♣♣ .
#...@...#.....#..≈♣
#.#.......#..##....≈♣♣♣
#[(..._......###...≈≈≈≈
#.#.......#.###..#≈...≈
# #.......#.###.##.≈≈≈≈
##...$.##..##.##≈≈♣ ♣
###.####.......≈≈♣ ♣
........##....≈≈♣♣♣
..#.#########...≈≈≈≈


You could see Jmtri7's ghost and 2 jackals.

Vanquished Creatures
  2 adders (D:2)
  An ooze (D:1)
  4 worms
  2 dart slugs
  2 giant geckos
  A bat (D:2)
  A giant cockroach (D:2)
  9 goblins
  9 hobgoblins
  12 jackals
  2 quokkas
  2 ball pythons
  4 kobolds
  6 rats
57 creatures vanquished.

Notes
Turn   | Place    | Note
-------+----------+-------------------------------------------
     0 | D:1      | Jmtri7 the Demonspawn Gladiator began the quest for the Orb.
     0 | D:1      | Reached XP level 1. HP: 16/16 MP: 1/1
    85 | D:1      | Reached skill level 3 in Dodging
   191 | D:1      | Gained mutation: You sometimes gain a little power by taking damage. [demonic ancestry]
   191 | D:1      | Reached XP level 2. HP: 14/22 MP: 2/2
   863 | D:2      | Gained mutation: You have sharp fingernails. [demonic ancestry]
   863 | D:2      | Reached XP level 3. HP: 27/27 MP: 3/3
   893 | D:2      | Reached skill level 4 in Dodging
  1342 | D:2      | Reached XP level 4. HP: 32/33 MP: 4/4
  2066 | D:3      | Found a glowing golden altar of the Shining One.
  2067 | D:3      | Noticed Jmtri7's ghost (amateur DsGl)
  2214 | D:3      | Slain by Jmtri7's ghost

Vault maps used:
D:1:      minmay_arrival_nine_rooms
D:3:      old_standard_altar, kennysheep_boxes

Skill      XL: |  1  2  3 |
---------------+----------+-----
Dodging        | 3 4 |  4.8
Fighting       | |  2.0
Long Blades    | |  2.6
Throwing       | |  1.7

Action                   |  1- 3 |  4- 6 || total
-------------------------+-------+-------++-------
Melee: Long sword        |   115 |    95 ||   210
  Use: Scroll            |     1 |     3 ||     4
 Stab: Sleeping          |     1 |     1 ||     2
  Eat: Chunk             |     2 |     2 ||     4
Armor: Leather armour    |     3 |       ||     3
       Robe              |    16 |    14 ||    30
Dodge: Dodged            |    65 |    65 ||   130
